 Dungeon Sprint DCSS version 0.31-a0-1074-g0b22e4e0f1 (webtiles) character file.

Game seed: 5059772976473273696

1289 tbh1313 the Bludgeoner (level 8, 0/78 HPs)
             Began as an Ogre Berserker on Nov 28, 2023.
             Was a Priest of Trog.
             Slain by a centaur warrior (14 damage)
             ... in the Dungeon (Sprint I: "Red Sonja").
             The game lasted 00:03:21 (503 turns).

tbh1313 the Bludgeoner (Ogre Berserker)              Turns: 503, Time: 00:03:21

Health: 0/78       AC:  3    Str: 24    XL:     8   Next: 55%
Magic:  8/8        EV: 10    Int:  8    God:    Trog [***...]
Gold:   105        SH:  5    Dex:  8    Spells: 7/7 levels left

rFire   . . .        a - +0 giant club
rCold   . . .        (shield currently unavailable)
rNeg    . . .        k - +0 robe
rPois   .            (helmet restricted)
rElec   .            (no cloak)
rCorr   .            (gloves unavailable)
SInv    .            (boots unavailable)
Will    .....        b - amulet of reflection
Stlth   +            (no ring)
HPRegen 0.33/turn    (no ring)
MPRegen 0.11/turn

%: no teleportation, reflection
@: no status effects
A: large, unfitting armour, tough skin 1
a: Renounce Religion, Berserk, Trog's Hand


You were in the Dungeon.
You worshipped Trog.
Trog was most pleased with you.
You visited 1 branch You collected 405 gold pieces.
You spent 300 gold pieces at shops.

Inventory:

Hand Weapons
 a - a +0 giant club (weapon)
 j - a +0 mace
Armour
 k - a +0 robe (worn)
Jewellery
 b - an amulet of reflection (around neck)
Wands
 i - a wand of charming (10)
Scrolls
 h - a scroll of blinking
Potions
 c - a potion of curing
 d - 2 potions of heal wounds
 e - 2 potions of haste
 f - 2 potions of magic
 g - a potion of berserk rage


   Skills:
 - Level 4.0 Fighting
 + Level 16.7 Maces & Flails
 - Level 2.6 Dodging


You had 7 spell levels left.
You didn't know any spells.
Your spell library was empty.

Dungeon Overview and Level Annotations

Branches:
Dungeon (1/1)

Altars:
Cheibriados
Dithmenos
Elyvilon
Fedhas
Gozag
Hepliaklqana
Kikubaaqudgha
Makhleb
Nemelex Xobeh
Okawaru
Qazlal
Ru
Sif Muna
Trog
Uskayaw
Vehumet
Wu Jian
Xom
Yredelemnul
Zin
The Shining One
Jiyva
Lugonu

Shops:
D =


Innate Abilities, Weirdness & Mutations

You are too large for most types of armour.
You have tough skin. (AC +1)


Message History

You can access your shopping list by pressing '$'.
You start putting on your amulet.
You continue putting on your amulet of reflection. x5
You finish putting on your amulet of reflection.
You feel a shielding aura gather around you.
b - an amulet of reflection (around neck)
There is a blossoming altar of Fedhas here.
You recover from your berserk rage.
There is an open door, spattered with blood here.
You see here a yak corpse.
You open the door.
Okay, then.
You open the door.
Found 21 gold pieces.
Found a chain mail.
There is an open door here.
You enter the shallow water.
The centaur warrior shouts! x2
The centaur warrior wields a +0 orcbow.
The centaur warrior shoots an arrow.
The arrow closely misses you.
The centaur warrior wields a +0 orcbow.
The centaur warrior shoots an arrow.
The arrow hits you!
The centaur warrior shoots an arrow.
You block the arrow with an invisible shield... and reflect it back!
The arrow hits the centaur warrior!!
The centaur warrior shoots an arrow.
The arrow hits you!!
The centaur warrior unwields a +0 orcbow.
The centaur warrior closely misses you. The centaur warrior barely misses you.
The centaur warrior shoots an arrow.
The arrow barely misses you.
You sock the centaur warrior!
The centaur warrior is severely wounded.
The centaur warrior shoots an arrow.
The arrow hits you!! The centaur warrior hits you!
The centaur warrior kicks you.
The centaur warrior unwields a +0 orcbow.
The centaur warrior hits you but does no damage.
The centaur warrior barely misses you. The centaur warrior hits you.
* * * LOW HITPOINT WARNING * * *
The centaur warrior kicks you.
* * * LOW HITPOINT WARNING * * *
The centaur warrior hits you!
You die...

######################
..'..#..'..#__#..'[..#
..#..').#..'..'..#)..#
####'#####'#__####...+
###..#...#[####§§#####
__####..##.#~§§§c#
_____##'#_.'~§§.@+
_.∩...†..._#~§§§c#
_..__##_.#'##+####
_____###+#.# ######
###


You could see 2 centaur warriors.

Levels and vault maps discovered:
D:        dungeon_sprint_1 [red_sonja_temple_1, red_sonja_temple_small_1]

Notes
Turn   | Place    | Note
-------+----------+-------------------------------------------
     0 | D        | tbh1313 the Ogre Berserker began the quest for the Orb.
     0 | D        | Reached XP level 1. HP: 24/24 MP: 1/1
     1 | D        | Noticed Ijyb
    13 | D        | Killed Ijyb
    14 | D        | Reached skill level 5 in Maces & Flails
    14 | D        | Reached XP level 2. HP: 32/32 MP: 2/2
    14 | D        | Reached XP level 3. HP: 39/39 MP: 3/3
    70 | D        | Noticed an ogre
    75 | D        | Killed an ogre
    76 | D        | Reached skill level 8 in Maces & Flails
    76 | D        | Reached XP level 4. HP: 8/48 MP: 4/4
   225 | D        | Noticed Sigmund
   234 | D        | Killed Sigmund
   234 | D        | Reached ** piety under Trog
   235 | D        | Reached skill level 11 in Maces & Flails
   235 | D        | Reached XP level 5. HP: 53/54 MP: 5/5
   235 | D        | Reached XP level 6. HP: 60/62 MP: 6/6
   294 | D        | Found an ornate altar of the Wu Jian Council.
   294 | D        | Found a shimmering blue altar of Sif Muna.
   296 | D        | Found a radiant altar of Vehumet.
   299 | D        | Reached skill level 12 in Maces & Flails
   305 | D        | Found Walu Zih's Jewellery Emporium.
   305 | D        | Found an ancient bone altar of Kikubaaqudgha.
   305 | D        | Found a hazy altar of Hepliaklqana.
   305 | D        | Found a stormy altar of Qazlal.
   305 | D        | Found a hide-covered altar of Uskayaw.
   305 | D        | Found a blossoming altar of Fedhas.
   305 | D        | Found a bloodstained altar of Trog.
   305 | D        | Found an iron altar of Okawaru.
   305 | D        | Found a basalt altar of Yredelemnul.
   305 | D        | Found a glowing golden altar of the Shining One.
   305 | D        | Found a snail-covered altar of Cheibriados.
   305 | D        | Found a sacrificial altar of Ru.
   305 | D        | Found a glowing silver altar of Zin.
   305 | D        | Found a shadowy altar of Dithmenos.
   305 | D        | Found a white marble altar of Elyvilon.
   305 | D        | Noticed a yak
   309 | D        | Killed a yak
   310 | D        | Reached skill level 13 in Maces & Flails
   310 | D        | Reached XP level 7. HP: 63/70 MP: 7/7
   310 | D        | Found an opulent altar of Gozag.
   326 | D        | Found a sparkling altar of Nemelex Xobeh.
   338 | D        | Noticed a centaur warrior
   338 | D        | Noticed a centaur warrior
   353 | D        | Found a burning altar of Makhleb.
   353 | D        | Found a viscous altar of Jiyva.
   353 | D        | Found a shimmering altar of Xom.
   353 | D        | Found a corrupted altar of Lugonu.
   353 | D        | Noticed a slime creature
   357 | D        | Killed a slime creature
   358 | D        | Reached skill level 14 in Maces & Flails
   424 | D        | Noticed a kobold demonologist
   424 | D        | Noticed a glass eye
   425 | D        | Noticed a kobold demonologist
   432 | D        | Killed a kobold demonologist
   432 | D        | Reached *** piety under Trog
   433 | D        | Reached skill level 15 in Maces & Flails
   433 | D        | Reached XP level 8. HP: 78/78 MP: 8/8
   441 | D        | Killed a glass eye
   442 | D        | Reached skill level 16 in Maces & Flails
   447 | D        | Killed a kobold demonologist
   482 | D        | Bought an amulet of reflection for 300 gold pieces
   503 | D        | Slain by a centaur warrior

Table legend: (Time is in decaauts)
 A = Elapsed time spent in this place.
 B = Non-inter-level travel time spent in this place.
 C = Inter-level travel time spent in this place.
 D = Time resting spent in this place.
 E = Time spent auto-exploring this place.
 F = Levels seen in this place.
 G = Mean time per level.
                   A        B        C        D        E       F      G
               +--------+--------+--------+--------+--------+-----+--------+
         Total |    543 |    543 |      0 |    324 |      1 |   1 |  543.0 |
       Dungeon |    543 |    543 |      0 |    324 |      1 |   1 |  543.0 |
               +--------+--------+--------+--------+--------+-----+--------+

Top non-repeatable levels by time:
       D: 543 daAuts

Table legend:
 A = Kills in this place as a percentage of kills in the entire game.
 B = Kills by you in this place as a percentage of kills by you in the entire game.
 C = Kills by friends in this place as a percentage of kills by friends in the entire game.
 D = Other kills in this place as a percentage of other kills in the entire game.
 E = Experience gained in this place as a percentage of experience gained in the entire game.
 F = Experience gained in this place divided by the number of levels of this place that you have seen.
                   A       B       C       D       E      F
               +-------+-------+-------+-------+-------+----------------------
         Total | 100.0 | 100.0 |   N/A |   N/A | 100.0 | 1842.0
       Dungeon | 100.0 | 100.0 |   N/A |   N/A | 100.0 | 1842.0
               +-------+-------+-------+-------+-------+----------------------

Action                     |  1- 3 |  4- 6 |  7- 9 || total
---------------------------+-------+-------+-------++-------
  Melee: Mace              |    10 |     7 |       ||    17
         Giant club        |       |     4 |    25 ||    29
 Invoke: Berserk           |     2 |     1 |     1 ||     4
         Trog's Hand       |       |       |     2 ||     2
 Armour: Animal skin       |     5 |     4 |    11 ||    20
         Robe              |       |       |     9 ||     9
  Dodge: Dodged            |     2 |     2 |     7 ||    11
  Block: Other             |       |       |     1 ||     1
         Reflection        |       |       |     1 ||     1

Vanquished Creatures
  2 kobold demonologists (D)
  A glass eye (D)
  A slime creature (D)
  Sigmund (D)
  A yak (D)
  An ogre (D)
  A jelly (D)
  Ijyb (D)
9 creatures vanquished.
